Map: Rhoskallian LE

Players

NoiLliM - Winner!

  • Race: Protoss Protoss
  • League: Diamond
  • Spawn Location: 12:00

Dahila - Winner!

  • Race: Zerg Zerg
  • League: Diamond
  • Spawn Location: 11:00

Massa

  • Race: Terran Terran
  • League: Gold
  • Spawn Location: 6:00

qqq

  • Race: Protoss Protoss
  • Spawn Location: 5:00

VOD

Have the link to the VOD?

Description

Time

  • Played on: July 1, 2020, 7:11 a.m.
  • Length: 22:45
Show
View Real Time Build Order
Export as new Build Order

NoiLliM Protoss - Winner!

Build Orders: Nexus First, Carriers 

Get SALT Encoding   

  1  0:00  Probe  
  12  0:05  Probe  
  14  0:15  Probe  
  15  0:25  Pylon  
  15  0:42  Assimilator  
  15  1:00  Probe  
  15  1:01  Nexus  
  16  1:08  Probe  
  17  1:33  Gateway, Pylon  
  17  1:44  Gateway  
  17  1:52  Probe  
  18  2:04  Probe  
  19  2:08  Forge  
  19  2:14  Probe  
  19  2:22  Probe  
  19  2:25  Zealot  
  21  2:37  Assimilator  
  21  2:43  Probe  
  22  2:45  Probe, Photon Cannon  
  19  3:12  Probe  
  20  3:17  Probe  
  20  3:24  Probe  
  20  3:25  Probe  
  23  3:35  Cybernetics Core  
  23  3:36  Probe  
  24  3:45  Probe, Pylon  
  24  3:48  Assimilator  
  24  3:53  Probe  
  25  3:58  Probe  
  27  4:06  Probe  
  27  4:10  Probe  
  27  4:16  Probe  
  29  4:18  Probe  
  29  4:22  Stargate  
  31  4:28  Probe x2  
  33  4:32  Stargate  
  33  4:36  Probe  
  33  4:38  Pylon  
  33  4:40  Probe  
  33  4:44  Probe  
  33  4:45  Warp Gate  
  35  4:49  Assimilator  
  36  4:54  Probe  
  36  4:59  Probe  
  38  5:07  Probe  
  39  5:11  Probe  
  40  5:19  Probe  
  41  5:30  Fleet Beacon  
  41  5:31  Probe  
  41  5:33  Pylon x2  
  42  5:40  Pylon  
  42  5:42  Photon Cannon  
  42  5:47  Probe x2  
  44  5:59  Probe x2  
  44  6:03  Photon Cannon  
  46  6:12  Stargate  
  46  6:14  Stargate  
  46  6:17  Cybernetics Core  
  46  6:19  Protoss Air Weapons Level 1  
  46  6:25  Shield Battery  
  46  6:28  Pylon  
  46  6:33  Carrier  
  46  6:35  Stalker  
  48  6:42  Protoss Air Armor Level 1  
  54  6:50  Shield Battery  
  54  7:06  Nexus  
  54  7:10  Probe, Pylon  
  55  7:20  Carrier  
  61  7:27  Probe  
  62  7:39  Probe  
  63  7:45  Pylon  
  63  7:53  Photon Cannon  
  63  7:56  Photon Cannon  
  63  7:57  Carrier  
  69  8:00  Pylon  
  69  8:14  Carrier  
  75  8:23  Protoss Air Weapons Level 2  
  75  8:25  Stargate  
  75  8:32  Probe  
  75  8:33  Probe x2  
  78  8:41  Protoss Air Armor Level 2  
  78  8:44  Probe  
  78  8:45  Probe  
  78  8:46  Carrier  
  86  8:53  Assimilator  
  86  8:57  Probe  
  86  8:58  Probe x2  
  86  9:01  Assimilator  
  90  9:10  Probe x2  
  90  9:14  Probe  
  92  9:22  Probe x2  
  94  9:26  Probe  
  94  9:27  Stargate  
  95  9:32  Mothership  
  95  9:34  Probe x2  
  95  9:37  Probe  
  98  9:47  Nexus  
  106  9:54  Pylon  
  106  9:55  Carrier  
  106  9:56  Pylon  
  106  10:01  Pylon  
  112  10:29  Carrier  
  112  10:31  Pylon, Shield Battery  
  112  10:34  Shield Battery, Pylon  
  112  10:38  Shield Battery  
  112  10:39  Tempest, Shield Battery  
  123  10:47  Tempest  
  128  10:59  Photon Cannon  
  128  11:02  Photon Cannon  
  128  11:05  Pylon  
  128  11:06  Photon Cannon  
  128  11:07  Photon Cannon, Nexus  
  128  11:10  Photon Cannon  
  128  11:11  Protoss Air Armor Level 3  
  128  11:32  Protoss Air Weapons Level 3  
  128  11:33  Tempest  
  123  11:54  Carrier  
  117  11:55  Carrier  
  117  12:01  Assimilator  
  117  12:05  Assimilator  
  117  12:09  Carrier  
  117  12:16  Zealot x2  
  127  12:30  Tempest  
  126  12:47  Carrier  
  124  12:56  Carrier  
  118  13:04  Carrier  
  109  13:13  Mothership  
  105  13:39  Probe  
  105  13:40  Probe x2  
  116  13:42  Probe  
  116  13:48  Probe  
  111  13:50  Probe  
  111  13:52  Probe x2  
  115  13:56  Probe  
  115  14:00  Probe  
  111  14:04  Probe x2  
  111  14:06  Probe  
  111  14:08  Probe  
  114  14:16  Probe x3, Assimilator  
  117  14:18  Probe  
  117  14:19  Assimilator  
  117  14:20  Zealot x2  
  123  14:25  Gateway, Carrier  
  123  14:26  Probe, Carrier  
  123  14:28  Probe x2  
  123  14:29  Gateway  
  123  14:30  Gateway  
  126  14:32  Gateway  
  126  14:34  Gateway x3  
  126  14:35  Gateway  
  126  14:36  Gateway  
  126  14:37  Gateway  
  138  14:41  Tempest  
  143  14:47  Stargate  
  143  15:03  Probe  
  144  15:09  Nexus  
  144  15:11  Probe  
  145  15:21  Probe, Carrier x2  
  145  15:22  Assimilator  
  145  15:25  Pylon  
  145  15:27  Pylon  
  146  15:30  Assimilator  
  146  15:31  Carrier x2  
  146  15:33  Probe  
  171  15:38  Carrier  
  171  15:43  Carrier  
  183  15:55  Carrier  
  185  16:19  Probe x3  
  185  16:21  Carrier x2  
  194  16:32  Mothership  
  194  16:35  Carrier  
  168  16:46  Void Ray  
  154  16:47  Probe x5  
  154  16:53  Void Ray  
  173  16:57  Zealot  
  173  16:59  Probe x4  
  179  17:04  Void Ray  
  179  17:06  Probe  
  173  17:14  Probe  
  159  17:24  Probe  
  159  17:28  Photon Cannon  
  160  17:31  Photon Cannon x3  
  160  17:36  Probe  
  155  17:48  Probe  
  138  17:54  Zealot x6  
  138  17:55  Zealot x5  
  138  17:56  Zealot  
  148  18:04  Carrier  
  142  18:10  Oracle  
  138  18:14  Carrier  
  138  18:15  Oracle  
  156  18:27  Probe, Tempest  
  157  18:39  Probe  
  161  18:51  Probe  
  161  18:55  Carrier x2  
  150  18:59  Twilight Council  
  150  19:03  Probe  
  150  19:08  Carrier x3  
  161  19:13  Carrier  
  161  19:15  Mothership  
  182  19:25  Charge  
  188  19:47  Pylon  
  188  19:49  Shield Battery  
  188  19:52  Pylon  
  182  20:00  Probe  
  170  20:08  Probe  
  170  20:18  Probe  
  170  20:20  Probe  
  166  20:23  Void Ray x2  
  166  20:24  Void Ray x4  
  166  20:28  Probe  
  163  20:31  Protoss Ground Weapons Level 1  
  163  20:34  Void Ray  
  191  20:37  Probe  
  191  20:47  Zealot x3  
  191  20:48  Zealot x2  
  200  21:41  Nexus  
  200  21:47  Pylon x2  
  200  21:50  Pylon  
  200  21:53  Pylon  
  178  21:59  Pylon  
  165  22:02  Void Ray x2  
  183  22:26  Zealot x3  
  183  22:27  Zealot x4  
  183  22:28  Zealot  
Show
View Real Time Build Order
Export as new Build Order

Dahila Zerg - Winner!

Build Orders: Hatch First, Lurkers 

Get SALT Encoding   

  12  0:00  Drone  
  13  0:12  Overlord  
  13  0:18  Drone  
  14  0:31  Drone x2  
  16  0:52  Hatchery  
  16  0:54  Drone  
  16  0:56  Drone  
  17  1:00  Drone  
  18  1:09  Extractor  
  17  1:15  Spawning Pool  
  16  1:19  Drone  
  16  1:23  Drone  
  18  1:28  Drone  
  19  1:39  Overlord  
  19  2:04  Queen, Zergling x4  
  19  2:08  Queen  
  23  2:09  Zergling x2  
  23  2:12  Metabolic Boost  
  26  2:21  Zergling x2  
  28  2:22  Zergling x2  
  28  2:44  Drone x2  
  28  3:20  Drone x5  
  28  3:23  Overlord  
  33  3:37  Drone x3  
  33  3:38  Overlord  
  36  3:42  Queen  
  36  3:48  Lair  
  38  3:49  Hatchery  
  38  3:54  Drone x4  
  38  3:55  Drone  
  42  3:58  Overlord  
  41  4:05  Overlord  
  41  4:06  Overlord  
  41  4:11  Extractor  
  41  4:12  Extractor  
  39  4:24  Drone  
  39  4:25  Drone x2  
  39  4:26  Drone  
  39  4:27  Drone x2  
  45  4:40  Overlord x2  
  45  4:46  Nydus Network  
  44  4:54  Hydralisk Den  
  44  4:55  Drone x2  
  44  4:58  Drone  
  46  5:01  Queen  
  46  5:02  Drone  
  49  5:28  Drone  
  50  5:31  Grooved Spines  
  51  5:35  Drone  
  51  5:36  Drone x12  
  63  5:49  Lurker Den  
  62  6:03  Drone x3  
  65  6:04  Spore Crawler  
  65  6:07  Spore Crawler  
  65  6:09  Drone  
  65  6:10  Drone x3, Spore Crawler  
  65  6:11  Drone  
  67  6:15  Extractor  
  67  6:17  Extractor  
  65  6:34  Hydralisk  
  65  6:35  Hydralisk x6  
  77  7:02  Drone x6, Spine Crawler  
  77  7:05  Overseer  
  82  7:08  Lurker  
  82  7:09  Lurker x2  
  82  7:14  Zergling x2  
  82  7:15  Overlord x4  
  86  7:20  Zergling x2  
  86  7:21  Zergling x6  
  90  7:34  Hatchery  
  89  7:42  Nydus Canal  
  89  8:01  Spore Crawler  
  88  8:11  Hydralisk x9  
  106  8:13  Overlord x4  
  106  8:15  Muscular Augments  
  106  8:22  Evolution Chamber x2  
  106  8:24  Hatchery  
  103  8:30  Drone x2  
  103  8:31  Drone  
  103  8:32  Drone, Extractor  
  103  8:33  Hydralisk x7  
  120  8:45  Queen  
  122  8:50  Zerg Missile Weapons Level 1, Zerg Melee Weapons Level 1  
  122  9:13  Drone x3  
  122  9:16  Drone x2  
  127  9:20  Infestation Pit  
  124  9:55  Hatchery  
  121  10:15  Queen  
  121  10:18  Drone, Queen  
  121  10:19  Drone  
  127  10:22  Overlord x6  
  127  10:23  Overlord x2  
  127  10:24  Overseer x3  
  127  10:25  Overseer x2  
  127  10:31  Zergling x2  
  127  10:32  Zergling x28  
  127  10:33  Baneling Nest  
  141  10:50  Hive  
  141  10:57  Spore Crawler  
  141  10:58  Drone  
  141  10:59  Drone x2  
  143  11:09  Pathogen Glands  
  143  11:14  Spine Crawler  
  143  11:16  Spine Crawler  
  111  11:57  Zergling x2  
  111  11:58  Zergling x54  
  111  11:59  Zergling x14  
  115  12:31  Seismic Spines  
  115  12:33  Adrenal Glands  
  115  12:35  Zerg Melee Weapons Level 2, Zerg Missile Weapons Level 2  
  95  12:56  Hydralisk x4  
  95  12:57  Hydralisk x2  
  97  13:26  Extractor  
  93  13:31  Extractor  
  86  13:45  Nydus Canal  
  82  13:49  Zergling x2  
  82  13:50  Zergling x60  
  82  13:51  Queen, Zergling x4  
  117  14:05  Nydus Canal  
  117  14:18  Centrifical Hooks  
  117  14:23  Ultralisk Cavern  
  116  14:25  Adaptive Talons, Hydralisk x4  
  116  14:26  Hydralisk x4  
  116  14:29  Overlord x3  
  116  14:30  Overlord x3  
  132  14:44  Lurker x2  
  134  14:48  Spine Crawler  
  134  14:50  Pneumatized Carapace  
  133  14:53  Lurker  
  133  14:54  Lurker x4  
  133  14:55  Zerg Missile Weapons Level 3, Zerg Melee Weapons Level 3  
  133  14:58  Nydus Canal  
  138  15:06  Infestor x6  
  138  15:07  Infestor x3  
  156  15:23  Drone x2  
  131  15:46  Nydus Canal  
  131  15:48  Ultralisk x4  
  131  15:49  Ultralisk x2  
  145  16:03  Zergling x2  
  145  16:04  Zergling x34  
  145  16:05  Zergling x14  
  169  16:15  Nydus Canal  
  169  16:32  Extractor  
  168  16:33  Hatchery  
  168  16:35  Extractor  
  71  17:17  Hydralisk  
  71  17:18  Hydralisk x23  
  71  17:19  Hydralisk x2  
  71  17:22  Chitinous Plating  
  121  17:33  Zerg Ground Armor Level 1  
  115  18:03  Hydralisk  
  115  18:04  Hydralisk x8  
  115  18:37  Queen  
  115  18:38  Zergling x2  
  115  18:39  Zergling x40  
  128  19:06  Spore Crawler  
  88  20:05  Hatchery  
  75  20:13  Anabolic Synthesis  
  69  20:16  Zerg Ground Armor Level 2  
  69  20:25  Spore Crawler  
  69  20:26  Zergling x24  
  69  20:27  Hydralisk  
  69  20:28  Hydralisk x24  
  117  21:14  Hydralisk  
  117  21:15  Hatchery, Hydralisk x10  
  95  21:47  Hydralisk x9  
  87  21:50  Drone x3  
Show
View Real Time Build Order
Export as new Build Order

Massa Terran 

Build Orders:  

Get SALT Encoding   

  12  0:03  SCV  
  13  0:15  SCV  
  13  0:20  Supply Depot  
  14  0:28  SCV  
  15  0:42  SCV  
  16  0:43  Barracks  
  16  0:52  Refinery  
  16  0:54  SCV  
  17  1:06  SCV  
  18  1:18  SCV  
  19  1:30  SCV  
  20  1:37  Command Center  
  20  1:42  Reaper  
  21  1:53  Supply Depot  
  21  2:01  SCV  
  22  2:18  SCV  
  22  2:19  Reaper  
  25  2:43  Orbital Command  
  22  3:21  Reaper  
  22  3:22  SCV  
  23  3:34  SCV  
  23  3:40  Orbital Command  
  24  3:46  SCV, Barracks  
  25  3:51  Barracks  
  25  3:54  Factory  
  25  3:58  SCV  
  26  4:05  Marine  
  26  4:08  SCV  
  28  4:10  SCV  
  28  4:16  Barracks  
  29  4:20  SCV  
  29  4:22  SCV  
  29  4:23  Marine  
  32  4:32  SCV  
  32  4:33  Engineering Bay  
  32  4:34  SCV  
  34  4:41  Marine  
  34  4:42  Factory Tech Lab  
  34  4:43  Barracks Tech Lab x2  
  35  4:45  Command Center  
  35  4:48  SCV  
  35  4:49  SCV  
  37  4:58  Marine  
  38  5:00  SCV  
  38  5:01  SCV  
  40  5:16  Marine  
  40  5:20  Marauder x2  
  44  5:32  Supply Depot  
  44  5:33  Supply Depot  
  44  5:34  Refinery  
  44  5:37  Supply Depot  
  44  5:41  Marauder  
  46  5:44  Missile Turret  
  46  5:46  Terran Infantry Weapons Level 1  
  46  5:51  Concussive Shells  
  46  5:53  Marauder, Siege Tank  
  46  5:54  Refinery  
  46  5:56  Supply Depot  
  51  6:00  Supply Depot  
  51  6:03  Marauder, Marine  
  51  6:04  Marine  
  54  6:05  Missile Turret  
  55  6:14  SCV x2  
  55  6:15  Marauder  
  59  6:21  Marine x2  
  59  6:23  Marine, Supply Depot  
  59  6:25  Missile Turret  
  62  6:26  SCV  
  63  6:36  Marine  
  64  6:46  Missile Turret  
  64  6:50  Missile Turret  
  64  6:57  Sensor Tower  
  64  7:03  Sensor Tower  
  64  7:05  Marauder x2, Marine x2  
  70  7:09  SCV x3  
  70  7:12  Missile Turret  
  73  7:18  Widow Mine  
  73  7:21  SCV x3  
  78  7:23  Marine x2  
  78  7:26  Refinery, Marauder x2  
  84  7:33  SCV x2  
  84  7:34  SCV  
  87  7:39  Widow Mine  
  89  7:45  SCV x2  
  89  7:46  SCV  
  89  7:47  Marauder x2  
  96  7:57  SCV  
  96  7:58  SCV x2  
  99  8:08  Sensor Tower  
  99  8:09  Marauder  
  99  8:10  SCV x3  
  104  8:14  Terran Infantry Armor Level 1  
  104  8:22  SCV  
  104  8:25  Orbital Command  
  105  8:29  Command Center  
  105  8:34  Stimpack, Combat Shield  
  105  8:58  Marauder x2  
  109  9:08  Supply Depot  
  109  9:20  Supply Depot  
  109  9:21  Supply Depot  
  109  9:22  Supply Depot  
  109  9:23  Supply Depot x2  
  109  9:24  Engineering Bay  
  109  9:29  Siege Tank  
  109  9:30  Marauder x2  
  109  9:31  Armory, Supply Depot  
  116  9:40  Refinery  
  116  9:43  Refinery  
  116  9:47  SCV x3, Supply Depot  
  116  9:51  Marauder x2  
  123  9:54  Supply Depot  
  123  9:59  SCV x3  
  126  10:01  Siege Tank  
  126  10:05  Armory  
  129  10:08  Armory  
  129  10:11  SCV x3  
  129  10:12  Marauder x2, Factory  
  136  10:17  Factory  
  136  10:20  Missile Turret  
  136  10:27  Missile Turret  
  136  10:28  Missile Turret  
  136  10:31  Planetary Fortress  
  136  10:34  Marauder x2  
  141  10:37  Barracks Tech Lab, Missile Turret  
  141  10:38  Marine  
  141  10:41  Missile Turret  
  141  10:47  Thor  
  141  10:48  Barracks  
  147  10:50  Missile Turret  
  147  10:55  Marauder x2  
  147  10:56  Marine, Missile Turret  
  152  11:04  Factory Tech Lab x2  
  152  11:14  Marine  
  152  11:16  Marauder x2  
  152  11:17  Missile Turret  
  157  11:32  Marine  
  158  11:38  Marauder x2, Missile Turret  
  161  11:50  Marine  
  156  11:59  Marauder x2  
  137  12:15  Thor x3  
  109  12:24  Barracks Reactor  
  100  12:38  Barracks  
  90  12:58  Thor x3  
  103  13:13  Marauder x3, Marine  
  86  13:31  Marine  
  81  13:34  Marauder x2  
  81  13:35  Marauder  
  81  13:43  Thor x2  
  81  13:44  Factory Tech Lab  
  93  13:49  Marine  
  93  13:56  Marauder x3  
  99  14:06  Marine  
  100  14:17  Marauder x3  
  106  14:24  Marine  
  106  14:26  Thor  
  113  14:32  Factory Tech Lab  
  113  14:35  SCV x3  
  116  14:39  Marauder x3  
  116  14:42  Marine  
  116  14:43  Terran Vehicle And Ship Armor Level 1, Terran Vehicle Weapons Level 1  
  123  14:47  SCV x3  
  126  14:59  SCV  
  127  15:00  Marauder x3, Marine  
  134  15:18  Marine  
  135  15:21  Marauder x2  
  135  15:22  Marauder  
  141  15:36  Marine  
  141  15:39  SCV x3  
  147  15:43  Marauder x3  
  150  15:51  SCV x3  
  150  15:53  Marine  
  154  15:59  Command Center  
  154  16:03  SCV  
  154  16:04  Marauder, Marine  
  157  16:08  Thor x3  
  173  16:11  Marine  
  169  16:24  Marine  
  166  16:28  Marauder  
  135  16:51  Thor x3  
  113  17:03  Marauder x2  
  113  17:04  Marine  
  102  17:25  Marauder x2  
  106  17:45  SCV  
  106  17:46  Marauder x2  
  109  17:57  SCV  
  58  18:07  Marauder  
  58  18:08  Marauder  
  58  18:09  SCV  
  54  18:15  SCV  
  54  18:16  SCV  
  56  18:28  SCV  
  56  18:29  Marauder x2  
  59  18:50  Marauder  
  59  18:55  Marauder, Marine  
  40  19:12  SCV, Marauder  
  40  19:13  SCV, Marine  
  40  19:16  Marauder  
  43  19:33  Marauder  
  43  19:38  Marauder  
  42  19:54  Marauder  
  42  19:59  Marauder  
  41  20:03  Marine  
  33  20:16  Marauder  
  33  20:20  Marauder  
  33  20:21  Marine  
  29  20:37  Marauder  
  29  20:38  Marine  
  29  20:42  Marauder  
  34  20:45  SCV x2  
  34  20:57  SCV x2  
  34  20:59  Marauder  
  34  21:03  Marauder  
  40  21:09  Starport, SCV  
  41  21:20  Marauder, Thor  
  41  21:25  Marauder, Marine  
  52  21:27  SCV  
  53  21:41  Marine  
Show
View Real Time Build Order
Export as new Build Order

qqq Protoss 

Build Orders: Carriers 

Get SALT Encoding   

  12  0:06  Probe  
  13  0:23  Pylon  
  13  0:32  Pylon  
  13  0:44  Probe  
  14  0:53  Gateway  
  14  0:56  Probe  
  15  0:59  Pylon  
  15  1:09  Forge  
  15  1:19  Probe  
  16  1:31  Probe  
  17  1:48  Pylon  
  17  1:56  Pylon  
  17  2:06  Photon Cannon  
  17  2:10  Photon Cannon  
  17  2:18  Photon Cannon  
  17  2:23  Photon Cannon  
  16  2:41  Assimilator  
  16  2:43  Probe  
  17  2:45  Assimilator  
  17  2:55  Probe  
  18  3:07  Probe  
  19  3:19  Probe  
  20  3:21  Nexus  
  20  3:31  Probe  
  20  3:32  Photon Cannon  
  21  3:43  Probe  
  21  3:47  Cybernetics Core  
  22  3:55  Probe  
  22  3:59  Photon Cannon  
  23  4:09  Pylon  
  23  4:25  Stargate  
  23  4:27  Stargate  
  23  4:37  Probe  
  24  4:49  Probe  
  24  4:50  Protoss Air Weapons Level 1  
  25  5:01  Probe  
  26  5:08  Phoenix  
  26  5:13  Probe, Phoenix  
  31  5:25  Probe  
  32  5:33  Probe, Phoenix, Assimilator  
  34  5:37  Assimilator  
  34  5:41  Probe  
  35  5:44  Phoenix  
  38  5:52  Probe  
  39  6:04  Probe  
  40  6:11  Phoenix  
  40  6:12  Phoenix  
  40  6:16  Probe  
  45  6:28  Probe  
  46  6:40  Probe  
  47  6:52  Probe  
  46  7:00  Probe  
  46  7:01  Phoenix x2  
  51  7:08  Probe  
  51  7:15  Fleet Beacon  
  52  7:18  Probe  
  53  7:26  Phoenix x2  
  57  7:30  Probe  
  58  7:37  Pylon, Protoss Air Armor Level 1  
  58  7:47  Nexus  
  58  8:04  Phoenix x2  
  62  8:11  Photon Cannon  
  62  8:14  Probe, Photon Cannon  
  62  8:17  Pylon  
  63  8:26  Probe  
  64  8:29  Carrier  
  64  8:32  Anion Pulse-Crystals  
  70  8:36  Stargate  
  70  8:38  Probe  
  71  8:44  Photon Cannon  
  71  8:50  Probe  
  71  8:52  Phoenix  
  74  9:02  Pylon  
  74  9:05  Pylon  
  74  9:08  Pylon  
  74  9:09  Pylon  
  74  9:12  Probe  
  74  9:15  Pylon  
  75  9:18  Pylon  
  75  9:24  Probe  
  75  9:26  Carrier  
  82  9:36  Probe  
  81  9:48  Probe  
  80  10:00  Probe  
  80  10:04  Tempest x2  
  89  10:13  Probe  
  90  10:16  Shield Battery  
  90  10:17  Photon Cannon  
  90  10:19  Pylon  
  90  10:22  Photon Cannon  
  90  10:25  Probe  
  91  10:30  Tempest  
  96  10:37  Probe  
  97  10:46  Assimilator  
  97  10:47  Tempest x2  
  97  10:49  Probe  
  108  10:50  Assimilator  
  108  11:01  Probe  
  109  11:12  Tempest  
  109  11:13  Probe  
  115  11:25  Probe  
  116  11:30  Tempest x2  
  126  11:37  Probe  
  119  11:49  Probe  
  119  11:50  Protoss Air Weapons Level 2  
  93  12:01  Probe  
  79  12:18  Tempest x3  
  94  12:40  Robotics Facility  
  94  12:46  Nexus  
  94  12:47  Pylon  
  94  12:49  Pylon  
  94  12:57  Nexus  
  79  13:07  Phoenix  
  79  13:09  Tempest, Phoenix  
  83  13:23  Pylon  
  83  13:27  Pylon  
  83  13:32  Tempest  
  88  13:34  Phoenix  
  75  13:52  Tempest  
  78  13:59  Phoenix  
  80  14:15  Phoenix  
  82  14:25  Observer, Carrier  
  82  14:28  Probe x2  
  91  14:34  Tempest, Photon Cannon  
  91  14:38  Photon Cannon  
  96  14:40  Tempest, Probe  
  96  14:41  Probe, Photon Cannon  
  96  14:42  Shield Battery  
  96  14:43  Pylon  
  103  14:47  Photon Cannon  
  103  14:48  Photon Cannon  
  103  14:51  Photon Cannon  
  103  14:52  Probe  
  103  14:53  Probe  
  103  14:55  Photon Cannon  
  103  14:58  Photon Cannon  
  105  15:02  Photon Cannon  
  105  15:05  Probe x2, Shield Battery  
  107  15:09  Pylon  
  107  15:12  Stargate  
  107  15:17  Probe x2, Phoenix, Stargate  
  111  15:23  Carrier  
  117  15:29  Probe x2  
  119  15:41  Probe x2, Carrier  
  119  15:42  Phoenix  
  123  16:00  Photon Cannon  
  123  16:04  Photon Cannon  
  123  16:05  Photon Cannon  
  123  16:07  Tempest  
  123  16:08  Photon Cannon  
  123  16:10  Carrier  
  123  16:11  Tempest, Photon Cannon  
  139  16:15  Shield Battery  
  139  16:27  Phoenix  
  128  16:44  Void Ray  
  127  16:50  Phoenix  
  127  16:52  Phoenix  
  137  16:54  Carrier  
  137  17:04  Probe x2  
  137  17:14  Tempest  
  142  17:16  Probe x2  
  142  17:18  Assimilator  
  142  17:22  Assimilator  
  144  17:25  Tempest, Carrier  
  144  17:27  Phoenix  
  144  17:28  Probe x2, Assimilator  
  159  17:33  Assimilator  
  159  17:40  Probe  
  130  17:59  Carrier, Phoenix  
  123  18:25  Carrier  
  118  18:42  Carrier  
  118  18:43  Probe x2  
  127  18:55  Probe x2  
  128  19:07  Probe  
  128  19:08  Probe  
  128  19:20  Probe  
  128  19:21  Probe  
  129  19:29  Photon Cannon  
  129  19:31  Photon Cannon  
  129  19:32  Probe  
  129  19:33  Probe  
  129  19:34  Shield Battery  
  131  19:39  Photon Cannon  
  131  19:44  Probe, Photon Cannon  
  131  19:45  Probe  
  133  19:50  Mothership  
  141  19:56  Probe  
  141  19:57  Probe  
  143  20:08  Probe  
  143  20:09  Probe  
  143  20:13  Pylon  
  145  20:16  Pylon  
  145  20:17  Carrier x2  
  145  20:19  Carrier x2  
  145  20:20  Probe, Phoenix  
  172  20:21  Probe  
  172  20:23  Pylon  
  173  20:29  Pylon  
  173  20:45  Tempest  
  173  20:47  Photon Cannon  
  178  20:50  Photon Cannon  
  178  20:51  Photon Cannon  
  178  20:53  Shield Battery  
  178  20:59  Photon Cannon  
  178  21:01  Photon Cannon  
  178  21:18  Photon Cannon  
  178  21:20  Photon Cannon  
  178  21:21  Carrier  
  178  21:23  Pylon  
  173  21:37  Carrier x3  
Tags
 
Add a new tag
Caveats
  • Supply blocks, unpowered buildings, or Contaminate may cause inaccurate times.
  • Supply counts are checked every 10 seconds.